 Dungeon Crawl Stone Soup version 0.30-a0-321-gf7783e6616 (webtiles) character file.

Game seed: 13787862916153541204

7749 Bnni the Cleaver (level 11, -2/135 HPs)
             Began as a Formicid Fighter on Oct 27, 2022.
             Was an Elder of Okawaru.
             Slain by an ogre
             ... wielding a +0 giant spiked club
             ... led by Lodul
              (16 damage)
             ... on level 9 of the Dungeon.
             The game lasted 00:20:36 (10573 turns).

Bnni the Cleaver (Formicid Fighter)                Turns: 10573, Time: 00:20:37

Health: -2/135     AC: 25    Str: 23    XL:     11   Next: 43%
Magic:  0/17       EV:  2    Int: 10    God:    Okawaru [****..]
Gold:   503        SH:  7    Dex: 13    Spells: 10/10 levels left

rFire   + . .      SeeInvis .    a - +3 battleaxe
rCold   . . .      Faith    .    c - +0 buckler
rNeg    + . .      Spirit   +    (body armour currently unavailable)
rPois   +          Reflect  .    (helmet unavailable)
rElec   .          Harm     .    (cloak currently unavailable)
rCorr   .          Rampage  .    (gloves currently unavailable)
Will    +....                    (boots currently unavailable)
Stlth   +++.......               K - amulet of guardian spirit
HPRegen 0.42/turn                i - ring of positive energy
MPRegen 0.15/turn                J - ring of protection from fire

@: tree-form, heroic
A: stationary, stasis, torment immunity, boosted hp, permanent stasis, dig
shafts and tunnels, (antennae 3), four strong arms
a: Renounce Religion, Heroism, Finesse


You were on level 9 of the Dungeon.
You worshipped Okawaru.
Okawaru was greatly pleased with you.
You were a tree.
You visited 2 branches of the dungeon, and saw 11 of its levels.

You collected 503 gold pieces.

Inventory:

Hand Weapons
 a - a +3 battleaxe (weapon)
 L - a +2 vampiric halberd
 T - the +9 sling of Prudence {drain, rElec rF+ Str-4 Int+4}
   (You took it off an orc warrior on level 9 of the Dungeon)

   A truly terrible weapon, it drains the life of any living foe it strikes.
   Str:       It affects your strength (-4).
   Int:       It affects your intelligence (+4).
   rF:        It protects you from fire.
   rElec:     It insulates you from electricity.
Missiles
 f - 6 javelins
 g - 10 poisoned darts
 E - 4 atropa-tipped darts
 H - 5 boomerangs (quivered)
 O - a curare-tipped dart
Armour
 c - a +0 buckler (worn)
 x - a +0 pair of boots (melded)
 I - a +2 chain mail of fire resistance (melded)
 N - a +0 kite shield
Jewellery
 i - a ring of positive energy (left branch)
 s - an amulet of reflection
 J - a ring of protection from fire (right branch)
 K - an amulet of guardian spirit (around neck)
Wands
 v - a wand of acid (6)
 F - a wand of flame (21)
 M - a wand of roots (12)
 S - a wand of digging (3)
Scrolls
 e - a scroll of brand weapon {unknown}
 h - 3 scrolls of amnesia {unknown}
 j - 2 scrolls of immolation
 m - a scroll of teleportation {unknown}
 q - 3 scrolls of noise {unknown}
 u - a scroll of vulnerability {unknown}
 w - 2 scrolls of blinking {unknown}
 y - a scroll of fear {unknown}
 G - a scroll of magic mapping
 P - a scroll of summoning {unknown}
 Q - a scroll of enchant armour {unknown}
 R - 2 scrolls of silence {unknown}
Potions
 d - a potion of might
 k - 3 potions of mutation {unknown}
 l - a potion of ambrosia {unknown}
 n - 2 potions of resistance {unknown}
 o - 5 potions of curing
 p - 2 potions of invisibility {unknown}
 r - a potion of lignification
 t - a potion of flight {unknown}
 z - 4 potions of heal wounds
 A - a potion of magic {unknown}
 B - 2 potions of degeneration {unknown}
 C - a potion of haste {unknown}
 D - a potion of cancellation {unknown}


   Skills:
 + Level 9.7(14.7) Fighting
 * Level 12.0(17.0) Axes
 - Level 3.2(8.2) Armour
 + Level 7.3(12.3) Shields
 + Level 9.0 Invocations


You had 10 spell levels left.
You didn't know any spells.
Your spell library contained the following spells:

 Spells                   Type           Power      Damage    Failure   Level
 Passwall                 Tmut/Erth      0%         N/A       54%         2
 Ozocubu's Armour         Ice            0%         N/A       77%         3
 Ice Form                 Ice/Tmut       0%         N/A       99%         4
 Borgnjor's Revivificati  Necr           0%         N/A       100%        8
 Necromutation            Tmut/Necr      0%         N/A       100%        8
 Death's Door             Necr           0%         N/A       100%        9
 Summon Ice Beast         Ice/Summ       Unusable   N/A       N/A         4

Dungeon Overview and Level Annotations

Branches:
Dungeon (10/15)            Temple (1/1) D:4
   Lair: D:8-11         Orc: D:9-12

Altars:
Ashenzari
Cheibriados
Dithmenos
Gozag
Hepliaklqana
Kikubaaqudgha
Okawaru
Qazlal
Ru
Trog
Uskayaw
Vehumet
Xom
Yredelemnul
Zin
The Shining One

Shops:
D:4 =

Annotations:
D:10 Lodul


Innate Abilities, Weirdness & Mutations

You are a tree.
Your roots penetrate the ground, keeping you stationary.
You cannot be teleported.
You are immune to unholy pain and torment.
Your maximum health is greatly increased.
Your equipment is partially melded.
You cannot be hasted, slowed, berserked, paralysed or teleported.
You can dig through walls and to a lower floor.
((You have a pair of large antennae on your head. (SInv)))
Your four strong arms can wield two-handed weapons with a shield.


Message History

Okay, then.
You climb downwards.
Level annotation: Lodul The ogre hits you with a +0 giant spiked club!!
The ogre hits you with a +0 giant club.
The ogre hits you with a +0 giant spiked club!
The ogre barely misses you.
There is a stone staircase leading up, spattered with blood here.
The ogre hits you with a +0 giant spiked club! x2
The ogre hits you with a +0 giant club!
* * * LOW HITPOINT WARNING * * *
You climb upwards.
There is a stone staircase leading down, spattered with blood here.
Okay, then.
Okay, then.
Really quaff the potion of lignification?
You turn into a tree.
Your +0 pair of boots melds into your body.
Your +2 chain mail of fire resistance melds into your body.
You feel less resistant to fire.
Your roots penetrate the ground.
You block the ogre's attack. The ogre hits you but does no damage.
The ogre hits you with a +0 giant spiked club.
* * * LOW HITPOINT WARNING * * *
The ogre hits you with a +0 giant club!
* * * LOW HITPOINT WARNING * * *
You feel much better.
The ogre hits you with a +0 giant spiked club!
* * * LOW HITPOINT WARNING * * *
You gain the combat prowess of a mighty hero.
You block the ogre's attack.
The ogre hits you with a +0 giant spiked club!!
* * * LOW HITPOINT WARNING * * *
The ogre hits you with a +0 giant club!
* * * LOW HITPOINT WARNING * * *
You slice the ogre!!
The ogre is almost dead.
You slash the ogre! You hit the ogre. x2
The ogre hits you but does no damage.
The ogre hits you with a +0 giant spiked club!
You die...

#...........# ##(#######..#
############..# ####..#
#..........##)# #.....#
#..........##.# #.#.#.#
#..........##.# #.#.#.#
#..........##.###...#.#
#..........##..##O#.#.######
#..............O♣O#.#.#....#
#..........######O#.#.#.##.#
#...............#.#.#.#.##.#
#..........####.#.#.#<..##.#
#..........# #.#.#.#.####.#
####.#.....# #.#.#........#
#.###...# #.#.###.######
####.......# #.#.....#
...........# #.#######


You could see 4 ogres.

Vanquished Creatures
  A two-headed ogre (D:9)
  2 shadow demons
  Grinder (D:5)
  4 slime creatures (D:9)
  2 wyverns (D:8)
  7 shadows
  A wraith (D:8)
  5 yaks (D:9)
  3 steam dragons
  An acid dragon (D:9)
  A water moccasin (D:9)
  A sky beast (D:7)
  5 orc warriors
  An ice beast (D:5)
  5 ogres
  3 black bears (D:7)
  A phantom (D:6)
  A kobold brigand (D:8)
  3 scorpions
  2 gnoll sergeants
  17 wights
  14 killer bees
  7 howler monkeys
  A jelly (D:8)
  A hound (D:7)
  3 orc priests
  Ijyb (D:3)
  2 iguanas (D:7)
  7 orc wizards
  11 gnolls
  12 adders
  A white imp (D:7)
  2 dart slugs
  26 orcs
  7 bats
  11 endoplasms
  2 giant cockroaches
  9 goblins
  10 hobgoblins
  10 jackals
  17 kobolds
  5 quokkas
  3 ball pythons
  5 frilled lizards (D:1)
  4 rats
  A spectral hobgoblin (D:1)
239 creatures vanquished.

Vanquished Creatures (others)
  A white imp (D:6)
  6 fungi (D:7)
7 creatures vanquished.

Grand Total: 246 creatures vanquished

Notes
Turn   | Place    | Note
-------+----------+-------------------------------------------
     0 | D:1      | Bnni the Formicid Fighter began the quest for the Orb.
     0 | D:1      | Reached XP level 1. HP: 18/18 MP: 1/1
   119 | D:1      | Reached XP level 2. HP: 24/24 MP: 2/2
   268 | D:1      | Reached XP level 3. HP: 29/29 MP: 3/3
   412 | D:1      | Found a faded altar of an unknown god.
   418 | D:1      | Prayed at the altar of an unknown god.
   418 | D:1      | Became a worshipper of Dithmenos the Shadowed
   418 | D:1      | Reached * piety under Dithmenos
   722 | D:2      | Reached skill level 3 in Axes
   722 | D:2      | Reached skill level 5 in Shields
   722 | D:2      | Reached XP level 4. HP: 22/37 MP: 4/4
   881 | D:2      | Got Wocy's Incunabulum of the Flinty Blizzard
  1105 | D:2      | Reached XP level 5. HP: 42/42 MP: 5/5
  1333 | D:2      | Reached ** piety under Dithmenos
  1334 | D:2      | Reached skill level 4 in Axes
  1681 | D:3      | Found a broken altar of Ashenzari.
  2101 | D:3      | Noticed Ijyb
  2120 | D:3      | Killed Ijyb
  2121 | D:3      | Reached XP level 6. HP: 30/49 MP: 6/6
  2249 | D:4      | Found Siatz's Jewellery Emporium.
  2306 | D:4      | Found an opulent altar of Gozag.
  2402 | D:4      | Reached skill level 5 in Axes
  2445 | D:4      | Noticed an ogre
  2455 | D:4      | Killed an ogre
  2456 | D:4      | Reached skill level 5 in Fighting
  2456 | D:4      | Reached XP level 7. HP: 42/56 MP: 7/7
  2729 | D:4      | Found a staircase to the Ecumenical Temple.
  3409 | Temple   | Entered the Ecumenical Temple
  3454 | Temple   | Fell from the grace of Dithmenos
  3454 | Temple   | Became a worshipper of Warmaster Okawaru
  3533 | D:5      | Entered Level 5 of the Dungeon
  3554 | D:5      | Found a stormy altar of Qazlal.
  3560 | D:5      | Noticed a fire elemental
  3561 | D:5      | Noticed a water elemental
  3561 | D:5      | Noticed an air elemental
  3620 | D:5      | Reached skill level 1 in Invocations
  3865 | D:5      | Reached skill level 6 in Axes
  3946 | D:5      | Noticed a deep elf pyromancer
  3946 | D:5      | Noticed a troll
  3949 | D:5      | You fall into a shaft and drop 1 floor!
  4002 | D:6      | Reached * piety under Okawaru
  4029 | D:6      | Reached XP level 8. HP: 60/64 MP: 8/10
  4169 | D:6      | Reached skill level 7 in Axes
  4186 | D:6      | Noticed a basilisk
  4186 | D:6      | Noticed a centaur warrior
  4186 | D:6      | Noticed a wraith
  4346 | D:5      | Noticed Grinder
  4372 | D:5      | Killed Grinder
  5035 | D:6      | Found a bloodstained altar of Trog.
  5087 | D:6      | Noticed a shadow
  5087 | D:6      | Noticed a shadow
  5087 | D:6      | Noticed a shadow demon
  5087 | D:6      | Noticed a shadow
  5087 | D:6      | Noticed a shadow
  5089 | D:6      | You fall into a shaft and drop 1 floor!
  5122 | D:7      | Reached XP level 9. HP: 68/71 MP: 12/12
  5125 | D:7      | Reached skill level 8 in Axes
  5147 | D:7      | Found a radiant altar of Vehumet.
  5219 | D:7      | Reached skill level 5 in Invocations
  5466 | D:7      | Reached ** piety under Okawaru
  5700 | D:6      | Reached skill level 9 in Axes
  5836 | D:6      | Noticed a shadow demon
  5836 | D:6      | Noticed a shadow demon
  5836 | D:6      | Noticed a shadow demon
  5838 | D:6      | You fall into a shaft and drop 1 floor!
  5984 | D:5      | You fall into a shaft and drop 3 floors!
  6614 | D:7      | Reached XP level 10. HP: 58/80 MP: 11/14
  6617 | D:7      | Reached *** piety under Okawaru
  7079 | D:6      | Killed a shadow demon
  7132 | D:6      | Noticed a shadow demon
  7132 | D:6      | Noticed a shadow demon
  7134 | D:6      | You fall into a shaft and drop 1 floor!
  7244 | D:6      | Noticed a centaur warrior
  7244 | D:6      | Noticed a skeletal warrior
  7244 | D:6      | Noticed a skeletal warrior
  7244 | D:6      | Noticed a skeletal warrior
  7244 | D:6      | Noticed a skeletal warrior
  7244 | D:6      | Noticed a skeletal warrior
  7247 | D:6      | You fall into a shaft and drop 1 floor!
  7570 | D:8      | Reached skill level 10 in Axes
  8108 | D:8      | Noticed a shadow demon
  8114 | D:8      | Noticed a two-headed ogre
  8119 | D:8      | Killed a shadow demon
  8142 | D:8      | Found an ancient bone altar of Kikubaaqudgha.
  8917 | D:9      | Noticed a two-headed ogre
  8938 | D:9      | Killed a two-headed ogre
  8938 | D:9      | Reached **** piety under Okawaru
  8939 | D:9      | Reached skill level 11 in Axes
  9071 | D:9      | Was forgiven by Dithmenos
  9146 | D:9      | Reached XP level 11. HP: 81/89 MP: 17/17
  9730 | D:9      | Identified the +9 sling of Prudence {drain, rElec rF+ Str-4
                  | Int+4}
  9752 | D:9      | Reached skill level 12 in Axes
 10420 | D:10     | Entered Level 10 of the Dungeon
 10423 | D:10     | Noticed Lodul
 10573 | D:9      | Slain by an ogre

Illustrated notes

Levels and vault maps discovered:
D:1:      ncdulo_wetmaze, layout_loops_cross,
          dreamdust_ecumenical_altar_drowned_temple
D:2:      layout_basic
D:3:      layout_basic, mainiacjoe_overflow_catwalk, uniq_ijyb
D:4:      layout_basic, nicolae_gozag_seed_capital, temple_hall, serial_shops,
          nicolae_stop_n_shop_1, kennysheep_flooded_box,
          amcnicky_mini_corridor_feature
D:5:      wander_river, layout_loops_ring, nicolae_qazlal_style_of_elements,
          uniq_grinder
D:6:      layout_gridville, trog_hazing_becter, minmay_three_doors
D:7:      layout_cave_pods, mainiacjoe_overflow_alcove_4
D:8:      layout_loops_corners, lemuel_doored_altar
D:9:      layout_basic
D:10:     gammafunk_the_bubble [the_bubble_gammafunk_split], layout_long_grid,
          uniq_lodul, uniq_erolcha
Temple:   nicolae_temple_elliptical

Skill      XL: |  1  2  3  4  5  6  7  8  9 10 11 |
---------------+----------------------------------+-----
Axes           | 3 4 5 6 7 9 11 12 | 12.0
Shields        | 5 6 7 |  7.3
Fighting       | 4 5 6 7 9 |  9.7
Invocations    | 2 4 6 8 9 |  9.0
Armour         | |  3.2

Action                   |  1- 3 |  4- 6 |  7- 9 | 10-12 || total
-------------------------+-------+-------+-------+-------++-------
Melee: War axe           |    96 |   140 |   190 |     4 ||   430
       Battleaxe         |       |       |       |   257 ||   257
Throw: Dart              |       |     4 |     3 |     6 ||    13
       Throwing net      |       |     1 |       |       ||     1
       Javelin           |       |       |     3 |       ||     3
       Boomerang         |       |       |       |     2 ||     2
Invok: Heroism           |       |       |     6 |     8 ||    14
       Finesse           |       |       |       |     1 ||     1
 Abil: Shaft Self        |       |       |     4 |     2 ||     6
       Dig               |       |       |     1 |     1 ||     2
Evoke: Wand              |       |       |     2 |       ||     2
  Use: Scroll            |       |       |       |     5 ||     5
       Potion            |       |       |       |     4 ||     4
 Stab: Invisible         |       |       |       |     1 ||     1
Armor: Scale mail        |    52 |    11 |       |       ||    63
       Chain mail        |       |    46 |    68 |    90 ||   204
       Skin              |       |       |       |     2 ||     2
Dodge: Dodged            |    45 |    69 |    59 |    79 ||   252
Block: Buckler           |    26 |    40 |   111 |   142 ||   319
       Reflection        |       |       |     2 |     2 ||     4

Table legend: (Time is in decaauts)
 A = Elapsed time spent in this place.
 B = Non-inter-level travel time spent in this place.
 C = Inter-level travel time spent in this place.
 D = Time resting spent in this place.
 E = Time spent auto-exploring this place.
 F = Levels seen in this place.
 G = Mean time per level.
                   A        B        C        D        E       F      G
               +--------+--------+--------+--------+--------+-----+--------+
         Total |  10712 |  10036 |    676 |   1117 |   7182 |  11 |  973.8 |
       Dungeon |  10637 |   9989 |    648 |   1117 |   7147 |  10 | 1063.7 |
        Temple |     74 |     46 |     28 |      0 |     35 |   1 |   74.0 |
               +--------+--------+--------+--------+--------+-----+--------+

Top non-repeatable levels by time:
     D:9: 1665 daAuts
     D:7: 1607 daAuts
     D:8: 1464 daAuts
     D:4: 1214 daAuts
     D:6: 1213 daAuts
     D:5: 1122 daAuts
     D:2: 1001 daAuts
     D:1: 750 daAuts
     D:3: 584 daAuts
  Temple: 74 daAuts
    D:10: 12 daAuts
